 Dungeon Crawl Stone Soup version 0.27.0-1-g7a089689b8 (webtiles) character file.

Game seed: 15427742762028441842

63 HungrySpirit the Chopper (level 3, 0/31 HPs)
             Began as a Minotaur Gladiator on July 31, 2021.
             Was a Follower of Nemelex Xobeh.
             Succumbed to an adder's poison
             ... on level 2 of the Dungeon.
             The game lasted 00:01:40 (1519 turns).

HungrySpirit the Chopper (Minotaur Gladiator)       Turns: 1519, Time: 00:01:40

Health: 0/31       AC:  5    Str: 18    XL:     3   Next: 89%
Magic:  2/2        EV: 12    Int:  5    God:    Nemelex Xobeh [*.....]
Gold:   103        SH:  0    Dex: 12    Spells: 2/2 levels left

rFire    . . .     SeeInvis .   a - +0 war axe
rCold    . . .     Faith    .   (no shield)
rNeg     . . .     Spirit   .   k - +0 ring mail
rPois    .         Reflect  .   c - +0 hat
rElec    .         Harm     .   (no cloak)
rCorr    .         Rampage  .   (no gloves)
Will     .....                  (no boots)
Stlth    +.........             (no amulet)
HPRegen  0.10/turn              (no ring)
MPRegen  0.08/turn              (no ring)

@: lethally poisoned (0 -> -9), invisible
A: horns 2, retaliatory headbutt
a: Renounce Religion, Draw Escape, Draw Destruction, Draw Summoning


You were on level 2 of the Dungeon.
You worshipped Nemelex Xobeh.
Nemelex Xobeh was aware of your devotion.
You visited 1 branch of the dungeon, and saw 2 of its levels.

You collected 103 gold pieces.

Inventory:

Hand Weapons
 a - a +0 war axe (weapon)
Missiles
 d - 3 throwing nets (quivered)
Armour
 c - a +0 hat (worn)
 k - a +0 ring mail (worn)
Scrolls
 b - 3 scrolls of enchant weapon {unknown}
 e - 2 scrolls of identify {unknown}
 f - a scroll of amnesia {unknown}
 i - a scroll of teleportation {unknown}
Potions
 g - a potion of heal wounds {unknown}
 h - a potion of might {unknown}


   Skills:
 + Level 3.1 Fighting
 * Level 4.6 Axes
 - Level 2.0 Throwing
 + Level 1.7 Armour
 + Level 3.7 Dodging


You had 2 spell levels left.
You didn't know any spells.
Your spell library was empty.

Dungeon Overview and Level Annotations

Branches:
Dungeon (2/15)

Altars:
Nemelex Xobeh


Innate Abilities, Weirdness & Mutations

You have a pair of horns on your head.
You reflexively headbutt those who attack you in melee.


Message History

You miss the adder.
The adder is heavily wounded.
The adder bites you.
You are poisoned.
The adder poisons you!
Your ring mail prevents you from hitting the adder.
You headbutt the adder.
The adder is severely wounded.
You feel sick. The adder misses you. The adder bites you.
You closely miss the adder.
The adder is severely wounded.
You feel sick. The adder barely misses you. The adder bites you.
You completely miss the adder.
The adder is severely wounded.
You feel sick.
You are no longer poisoned.
The adder bites you.
You are poisoned.
The adder poisons you!
You hit the adder.
You headbutt the adder, but do no damage.
The adder is almost dead.
You feel sick. The adder bites you.
You are lethally poisoned!
The adder poisons you! The adder bites you.
You are more poisoned.
The adder poisons you!
You hit the adder but do no damage.
The adder is almost dead.
* * * LOW HITPOINT WARNING * * *
You feel very sick.
The adder bites you but does no damage. x2
You slash the adder!
You kill the adder!
* * * LOW HITPOINT WARNING * * *
You feel very sick.
It was a potion of invisibility.
You fade into invisibility!
You die...
Your body glows slightly and disappears.

...........†......
....####.###.##.####
.#######.# #.##.#.. .
.##....#.# #.##...####..
.##......# #.#..........
..#......# .........$..
..........####..........
.......#......†.........
.......#.####...@.......
...>...#.##.....††......
#.#....#.#..#...........
#.#[...#.#.†............
#..#.......##........(....
#......#...##..............#
#.#.#..#..###.#######..#...
#.....#...# #.# #.....
#........## .# ... #


There were no monsters in sight!

Vanquished Creatures
  2 adders (D:2)
  8 ball pythons
  4 endoplasms
  6 giant cockroaches
  3 hobgoblins
  3 jackals (D:1)
  5 kobolds
  A quokka (D:1)
  3 bats (D:1)
  3 frilled lizards
  2 goblins (D:1)
  3 rats
43 creatures vanquished.

Notes
Turn   | Place    | Note
-------+----------+-------------------------------------------
     0 | D:1      | HungrySpirit the Minotaur Gladiator began the quest for the
                  | Orb.
     0 | D:1      | Reached XP level 1. HP: 18/18 MP: 0/0
   196 | D:1      | Reached XP level 2. HP: 25/25 MP: 1/1
   197 | D:1      | Reached skill level 4 in Axes
   411 | D:1      | Reached skill level 1 in Armour
   477 | D:1      | Found a faded altar of an unknown god.
   613 | D:1      | Became a worshipper of Nemelex Xobeh the Trickster
   613 | D:1      | Reached * piety under Nemelex Xobeh
   613 | D:1      | Received a gift from Nemelex Xobeh
   937 | D:2      | Reached XP level 3. HP: 30/30 MP: 2/2
  1519 | D:2      | Succumbed to an adder's poison

Illustrated notes

Levels and vault maps discovered:
D:1:      saegor_arrival_under_anarchy, layout_rooms,
          chequers_ecumenical_altar_simple_redux, minivault_23, st_stairs_6,
          chequers_serial_rivers_room_a
D:2:      layout_rooms

Skill      XL: |  1  2  3 |
---------------+----------+-----
Axes           | 4 |  4.6
Armour         | 1 |  1.7
Fighting       | 3 |  3.1
Throwing       | |  2.0
Dodging        | |  3.7

Action                   || total
-------------------------++-------
Melee: War axe           ||    72
       Headbutt          ||     9
  Use: Potion            ||     1
Armor: Leather armour    ||    14
       Ring mail         ||     8
Dodge: Dodged            ||    53
